 Dungeon Crawl Stone Soup version 0.25-a0-178-gc9f82b1288 (webtiles) character file.

Game seed: 7031214424590764394, levelgen mode: deterministic

1097 vurker the Quickloader (level 8, -14/51 HPs)
             Began as a Kobold Hunter on Nov 26, 2019.
             Demolished by a two-headed ogre
             ... wielding a +0 dire flail
              (18 damage)
             ... on level 6 of the Dungeon.
             The game lasted 00:12:34 (6860 turns).

vurker the Quickloader (Kobold Hunter)              Turns: 6860, Time: 00:12:35

Health: -14/51     AC:  4    Str: 11    XL:     8   Next: 57%
Magic:  8/8        EV: 15    Int: 12    God:
Gold:   420        SH:  0    Dex: 16    Spells: 7/7 levels left

rFire    . . .     SeeInvis .   a - +1 hand crossbow
rCold    . . .     Gourm    .   (shield restricted)
rNeg     . . .     Faith    .   l - +1 leather armour
rPois    .         Spirit   .   (no helmet)
rElec    .         Reflect  .   (no cloak)
rCorr    .         Harm     .   (no gloves)
MR       .....                  (no boots)
Stlth    ++........             (no amulet)
HPRegen  0.17/turn              (no ring)
MPRegen  0.11/turn              (no ring)

@: no status effects
A: small, carnivore
a: no special abilities


You were on level 6 of the Dungeon.
You were completely stuffed.

You visited 1 branch of the dungeon, and saw 6 of its levels.
You also visited: Sewer.

You collected 420 gold pieces.

Inventory:

Hand Weapons
 a - a +1 hand crossbow (weapon)
 b - a +0 dagger
   (You took it off a goblin on level 2 of the Dungeon)
Missiles
 g - a throwing net
 j - 62 bolts (quivered)
Armour
 l - a +1 leather armour (worn)
Wands
 c - a wand of disintegration (13)
   (You found it on level 3 of the Dungeon)
 d - a wand of iceblast (5)
   (You found it on level 2 of the Dungeon)
Scrolls
 h - 2 scrolls of blinking {unknown}
 i - a scroll of remove curse
 n - 5 scrolls of enchant armour
 o - a scroll of fog
 q - 2 scrolls of magic mapping
 t - 3 scrolls of teleportation {unknown}
Potions
 f - a potion of flight {unknown}
 k - 2 potions of agility
 m - a potion of curing
 p - a potion of resistance
 u - 2 potions of heal wounds
 v - 3 potions of might
 w - 2 potions of haste
 x - a potion of degeneration {unknown}
Comestibles
 e - 9 rations


   Skills:
 + Level 5.9 Fighting
 - Level 5.0 Short Blades
 * Level 9.7 Crossbows
 - Level 2.4 Dodging
 - Level 1.3 Stealth


You had 7 spell levels left.
You didn't know any spells.
Your spell library was empty.

Dungeon Overview and Level Annotations

Branches:
Dungeon (6/15)              Sewer (visited)
 Temple: D:4-7

Altars:
Hepliaklqana
Kikubaaqudgha
Nemelex Xobeh
Okawaru
Uskayaw
Wu Jian
The Shining One

Shops:
D:6 }

Annotations:
D:5 3 runed translucent doors, Leeroy's ghost, amateur DrSk


Innate Abilities, Weirdness & Mutations

You are small and have problems with some larger weapons.
You are carnivorous and can eat meat at any time.


Message History

The adder closely misses you.
Firing (i - inventory. (/) - cycle)
j - 69 bolts (quivered)
Aim: an adder (moderately wounded)
You shoot a bolt. The bolt hits the adder!
You kill the adder!
Firing (i - inventory. (/) - cycle)
j - 68 bolts (quivered)
Aim: a worker ant (severely wounded)
You shoot a bolt. The bolt barely misses the worker ant.
The bolt hits the two-headed ogre.
The worker ant barely misses you.
Firing (i - inventory. (/) - cycle)
j - 67 bolts (quivered)
Aim: a worker ant (heavily wounded)
You shoot a bolt. The bolt hits the two-headed ogre!
Firing (i - inventory. (/) - cycle)
j - 66 bolts (quivered)
Aim: a two-headed ogre, wielding a +0 dire flail and a +0 giant spiked club (lightly wounded)
You shoot a bolt. The bolt hits the two-headed ogre.
Firing (i - inventory. (/) - cycle)
j - 65 bolts (quivered)
Aim: a two-headed ogre, wielding a +0 dire flail and a +0 giant spiked club (lightly wounded)
You shoot a bolt. The bolt hits the two-headed ogre.
The two-headed ogre barely misses you.
The two-headed ogre hits you with a +0 giant spiked club.
There is a stone staircase leading up here.
The worker ant completely misses you. The worker ant bites you.
All of the chunks of flesh in your inventory have rotted away.
There is a stone staircase leading down here.
Really attack while wielding your +1 hand crossbow? [Y]es or [N]o only, please.
Really attack while wielding your +1 hand crossbow? [Y]es or [N]o only, please.
Really attack while wielding your +1 hand crossbow? [Y]es or [N]o only, please.
Really attack while wielding your +1 hand crossbow?
Okay, then.
Firing (i - inventory. (/) - cycle)
j - 64 bolts (quivered)
Aim: a two-headed ogre, wielding a +0 dire flail and a +0 giant spiked club (lightly wounded)
You shoot a bolt. The bolt hits the worker ant!
You kill the worker ant!
The two-headed ogre hits you with a +0 dire flail!
The two-headed ogre misses you.
Firing (i - inventory. (/) - cycle)
j - 63 bolts (quivered)
Aim: a two-headed ogre, wielding a +0 dire flail and a +0 giant spiked club (lightly wounded)
You shoot a bolt. The bolt hits the two-headed ogre!
The two-headed ogre misses you.
The two-headed ogre hits you with a +0 giant spiked club!!
* * * LOW HITPOINT WARNING * * *
You see here a bolt.
The two-headed ogre hits you with a +0 dire flail!
* * * LOW HITPOINT WARNING * * *
The two-headed ogre hits you with a +0 giant spiked club!!
You die...

#.......#.........#
#.###.#.#.........#
####.#<#.#.#........##
#....#.#.#..........#
#......#............#
.######.####.........#
(...........<.)......#
##......#####..#####.########
+.............@............#
#......##......O....######.#
#......##...........# #.#
#########...........# #.#
#...........# #.#
#...........# #.#
#######.###.# #.# #..##.# #.#
##.##.# #.#


You could see a two-headed ogre.

Vanquished Creatures
  Eustachio (D:6)
  An ogre (D:4)
  A scorpion (D:4)
  2 vampire bats (D:5)
  3 crimson imps
  A jelly (D:4)
  4 hounds
  An iguana (D:5)
  2 orc wizards (D:5)
  6 worker ants
  4 gnolls (D:2)
  9 adders
  3 river rats (Sewer)
  A shadow imp (D:5)
  3 dart slugs
  3 leopard geckos
  7 orcs
  A bat skeleton (D:5)
  3 bat zombies (D:5)
  A giant cockroach (D:2)
  6 hobgoblins
  10 jackals
  7 kobolds
  3 ball pythons
  18 bats
  20 frilled lizards
  6 goblins
  A leopard gecko skeleton (D:4)
  9 rats
137 creatures vanquished.

Notes
Turn   | Place    | Note
-------+----------+-------------------------------------------
     0 | D:1      | vurker the Kobold Hunter began the quest for the Orb.
     0 | D:1      | Reached XP level 1. HP: 12/12 MP: 1/1
    10 | D:1      | You fall into a shaft and drop 1 floor!
    90 | D:2      | Reached skill level 1 in Short Blades
    90 | D:2      | Reached skill level 5 in Crossbows
    90 | D:2      | Reached XP level 2. HP: 12/18 MP: 2/2
   207 | D:2      | Reached XP level 3. HP: 22/22 MP: 3/3
   991 | D:1      | Reached XP level 4. HP: 26/27 MP: 4/4
  1938 | D:2      | Reached XP level 5. HP: 19/32 MP: 5/5
  1941 | D:2      | Reached skill level 6 in Crossbows
  3152 | D:3      | Found a hide-covered altar of Uskayaw.
  3544 | D:3      | Reached XP level 6. HP: 33/37 MP: 6/6
  3913 | D:4      | Found a glowing drain.
  3950 | Sewer    | Entered a sewer
  4631 | D:4      | Reached skill level 5 in Short Blades
  4760 | D:4      | Reached skill level 7 in Crossbows
  4760 | D:4      | Reached XP level 7. HP: 12/43 MP: 7/7
  4985 | D:4      | Found a sparkling altar of Nemelex Xobeh.
  5046 | D:4      | Found a glowing golden altar of the Shining One.
  5114 | D:4      | Found a hazy altar of Hepliaklqana.
  5147 | D:5      | Entered Level 5 of the Dungeon
  5194 | D:5      | Reached skill level 8 in Crossbows
  5677 | D:5      | Found an ancient bone altar of Kikubaaqudgha.
  5764 | D:5      | Reached skill level 5 in Fighting
  5764 | D:5      | Reached XP level 8. HP: 26/49 MP: 8/8
  6082 | D:5      | Found an ornate altar of the Wu Jian Council.
  6311 | D:5      | Reached skill level 9 in Crossbows
  6465 | D:5      | Found a runed translucent gate.
  6466 | D:5      | Found a runed translucent gate.
  6466 | D:5      | Found a runed translucent gate.
  6467 | D:5      | Noticed Leeroy's ghost (amateur DrSk)
  6514 | D:6      | Noticed Eustachio
  6533 | D:6      | Killed Eustachio
  6576 | D:6      | Found Dephoih's Gadget Boutique.
  6769 | D:6      | Found an iron altar of Okawaru.
  6775 | D:6      | Noticed a two-headed ogre
  6860 | D:6      | Demolished by a two-headed ogre

Levels and vault maps discovered:
D:1:      elethiomel_arrival_quiet, layout_basic, minmay_pentomino_p4
D:2:      layout_basic, first_ration, chequers_serial_rivers_large_a
D:3:      layout_basic, marbit_many_paths, wad_floor_pattern_2,
          minmay_hedge_maze
D:4:      layout_cave_pools, lemuel_coloured_pillars_altar,
          nemelex_xobeh_ov_fountains_minmay, nicolae_overflow_hidden_temple,
          portal_sewer_entry_d
D:5:      layout_loops_ring, old_standard_altar, kennysheep_vampire_church,
          gammafunk_ghost_necromancy, minmay_diced_spiral
D:6:      layout_basic, okawaru_gym_becter, minmay_temple_entry_glass,
          serial_shops, shop, uniq_edmund, uniq_sigmund, uniq_blork_the_orc,
          uniq_eustachio

Skill      XL: |  1  2  3  4  5  6  7  8 |
---------------+-------------------------+-----
Short Blades   | 1 2 3 4 5 |  5.0
Crossbows      | 5 6 7 8 9 |  9.7
Fighting       | 3 4 5 |  5.9
Dodging        | |  2.4
Stealth        | |  1.3

Action                   |  1- 3 |  4- 6 |  7- 9 || total
-------------------------+-------+-------+-------++-------
Melee: Short sword       |    42 |       |       ||    42
       Dagger            |    57 |   271 |    68 ||   396
 Fire: Hand crossbow     |    13 |   130 |   100 ||   243
  Use: Scroll            |     6 |     5 |     5 ||    16
       Potion            |       |     4 |       ||     4
 Stab: Sleeping          |     2 |     2 |     2 ||     6
       Distracted        |       |     1 |       ||     1
  Eat: Chunk             |     9 |    12 |     6 ||    27
Armor: Leather armour    |    52 |    66 |    34 ||   152
       Skin              |       |    15 |       ||    15
Dodge: Dodged            |    97 |   239 |   125 ||   461

Table legend:
 A = Non-vault XP
 B = Vault XP
 C = Vault XP percentage of total XP
 D = Non-vault monster count
 E = Vault monster count
 F = Vault count percentage of total count
                 A         B        C        D         E       F
            +---------+---------+-------+---------+---------+-------
      Total |    1082 |     486 |  31.0 |     104 |      33 |  24.1
            +---------+---------+-------+---------+---------+-------
        D:1 |      46 |       4 |   8.0 |      30 |       2 |   6.2
        D:2 |     125 |       0 |   0.0 |      25 |       0 |   0.0
        D:3 |     113 |       1 |   0.9 |      25 |       1 |   3.8
        D:4 |     318 |      14 |   4.2 |       7 |       1 |  12.5
        D:5 |     314 |     190 |  37.7 |      12 |       9 |  42.9
        D:6 |     166 |     208 |  55.6 |       5 |       1 |  16.7
      Sewer |       0 |      69 | 100.0 |       0 |      19 | 100.0
            +---------+---------+-------+---------+---------+-------
